AoeStats
← Jafarr

Arabia

509946650Analyzed
1v1 RM · 5d ago on Sep 28, 2026· 20m 58s· 2 players
Game mode
Random Map
Map size
Tiny (2 player)
Population
200
Speed
Normal
Resources
Standard
Victory
Conquest
Starting age
Dark Age
Ending age
Imperial Age
RankedLock teamsTeams togetherTeam positionsShared explorationLock speedFull tech treeHidden civsTurbo modeCheats
Victory
Defeat
🇺🇸 Lithuanians · United States
1224
+18
🇲🇽 Bohemians · Mexico
1259
-18
Jafarr
6:05 Loom
8:25 Feudal Age
9:12 Double-Bit Axe
9:09 Horse Collar
15:18 Scale Barding Armor
16:35 Forging
18:24 Bloodlines
MalvXIV
6:35 Loom
8:53 Feudal Age
10:09 Double-Bit Axe
13:35 Fletching
13:39 Horse Collar
14:17 Town Watch
Connection lost

Rejoining the realm…

Still unreachable

The connection could not be restored.

Session expired

The server has moved on; the page needs a fresh start.